 Dungeon Crawl Stone Soup version 0.28-a0-1435-g82390b3a13 (webtiles) character file.

Game seed: 10558654644725554838

6468 sokol815 the Frost Mage (level 10, -5/69 HPs)
             Began as a Demigod Ice Elementalist on Dec 29, 2021.
             Slain by a two-headed ogre (19 damage)
             ... on level 9 of the Dungeon on Jan 9, 2022.
             The game lasted 00:43:53 (12719 turns).

sokol815 the Frost Mage (Demigod Ice Elementalist) Turns: 12719, Time: 00:43:53

Health: -5/69      AC: 14    Str:  9    XL:     10   Next: 41%
Magic:  7/16       EV: 11    Int: 25    God:
Gold:   354        SH:  4    Dex: 18    Spells: 4/13 levels left

rFire   + . .      SeeInvis .   b - +0 dagger (elec)
rCold   . . .      Faith    .   H - +0 buckler
rNeg    . . .      Spirit   .   F - +0 leather armour {Will+}
rPois   .          Reflect  .   v - +0 helmet
rElec   .          Harm     .   c - +0 cloak
rCorr   .          Rampage  .   e - +1 pair of gloves
Will    ++...                   (no boots)
Stlth   +++.......              (no amulet)
HPRegen 0.21/turn               Z - ring of wizardry {Wiz+, !d}
MPRegen 0.15/turn               A - ring of protection from fire {rF+, !d}

@: ice-armoured, freezing walls
A: high mp 1, forlorn, divine attributes
a: no special abilities


You were on level 9 of the Dungeon.
You visited 2 branches of the dungeon, and saw 10 of its levels.
You also visited: Bailey.

You collected 354 gold pieces.

Inventory:

Hand Weapons
 a - a +1 vampiric hand axe
   (You found it on level 6 of the Dungeon)
 b - a +0 dagger of electrocution (weapon)
   (You took it off an orc on level 8 of the Dungeon)
 k - a +4 whip of venom
   (You took it off a kobold on level 8 of the Dungeon)
 r - a +0 trident of venom
   (You found it on level 7 of the Dungeon)
Missiles
 f - 130 arrows
 m - 4 atropa-tipped darts
 n - 8 boomerangs
 s - 212 stones
 t - 31 poisoned darts
 u - 6 curare-tipped darts
 E - 2 throwing nets {!d}
Armour
 c - a +0 cloak (worn)
   (You found it on level 1 of the Dungeon)
 e - a +1 pair of gloves (worn)
   (You found it on level 1 of the Dungeon)
 v - a +0 helmet (worn)
   (You found it on level 2 of the Dungeon)
 F - a +0 leather armour of willpower (worn)
   (You took it off Eustachio on level 5 of the Dungeon)
 G - a +0 leather armour of cold resistance
   (You found it on level 7 of the Dungeon)
 H - a +0 buckler (worn)
   (You found it on level 7 of the Dungeon)
Jewellery
 A - a ring of protection from fire (right hand) {rF+, !d}
   (You took it off a gnoll on level 7 of the Dungeon)
 Z - a ring of wizardry (left hand) {Wiz+, !d}
   (You found it on level 6 of the Dungeon)
Wands
 d - a wand of digging (5)
   (You found it on level 8 of the Dungeon)
 h - a wand of acid (2)
   (You found it on level 9 of the Dungeon)
 j - a wand of polymorph (21)
   (You found it on level 5 of the Dungeon)
 q - a wand of flame (12)
   (You took it off Blork the orc on level 5 of the Dungeon)
Scrolls
 l - a scroll of enchant weapon
 w - 3 scrolls of fog
 D - a scroll of blinking {!r}
 K - 4 scrolls of immolation {!r}
 S - a scroll of summoning
 Y - 4 scrolls of teleportation {@r3}
Potions
 g - a potion of ambrosia {unknown}
 i - a potion of haste {unknown}
 p - a potion of resistance {unknown}
 y - 2 potions of flight {unknown}
 z - 3 potions of cancellation
 B - 4 potions of brilliance
 I - a potion of invisibility
 J - 4 potions of curing {@q1}
 L - a potion of mutation {unknown}
 N - a potion of heal wounds {@q2}


   Skills:
 - Level 5.0 Short Blades
 + Level 4.9 Axes
 - Level 2.2 Dodging
 - Level 6.0 Stealth
 - Level 2.2 Spellcasting
 - Level 4.0 Hexes
 * Level 11.6 Ice Magic


You had 4 spell levels left.
You knew the following spells:

 Your Spells              Type           Power      Damage    Failure   Level
a - Freeze                Ice            100%       1d11      1%          1
b - Frozen Ramparts       Ice            100%       1d12      1%          3
c - Ensorcelled Hibernat  Hex/Ice        82%        N/A       1%          2
A - Ozocubu's Armour      Ice            57%        N/A       1%          3

Your spell library contained the following spells:

 Spells                   Type           Power      Damage    Failure   Level
 Slow                     Hex            88%        N/A       1%          1
 Confusing Touch          Hex            22%        N/A       4%          3
 Tukima's Dance           Hex            22%        N/A       4%          3
 Hailstorm                Conj/Ice       31%        3d8       8%          4
 Vampiric Draining        Necr           2%         2d6       26%         3
 Passage of Golubria      Tloc           2%         N/A       61%         4
 Ozocubu's Refrigeration  Ice            28%        4d10      50%         7
 Yara's Violent Unravell  Hex/Tmut       6%         3d5       67%         5
 Enfeeble                 Hex            11%        N/A       100%        7


Dungeon Overview and Level Annotations

Branches:
Dungeon (9/15)             Temple (1/1) D:6          Bailey (visited)
   Lair: D:8-11         Orc: D:9-12

Annotations:
D:7 exclusion: 2 wights
D:8 Maggie


Innate Abilities, Weirdness & Mutations

You have an increased reservoir of magic. (+10% MP)
You shall have no god before yourself.
Your divine heritage dramatically boosts your attributes as you level up.


Message History

The orc shouts!
The orc wizard shouts!
The orc wizard hits you with a +0 dagger.
The orc warrior shouts!
You take 3 damage, and have 66/69 hp.
The walls around you are covered in ice.
The wall freezes the orc wizard.
The orc wizard mumbles some strange words.
The orc wizard flickers and vanishes!
Deactivating autopickup; reactivate with Ctrl-A.
You now have 13/16 mp.
A film of ice covers your body!
The wall freezes something!
Something hits you but does no damage.
You now have 10/16 mp.
Your icy armour and frozen ramparts will break if you move.
Continue?
Okay, then.
Your icy armour and frozen ramparts will break if you move.
Continue?
Okay, then.
You closely miss something.
The wall freezes the orc warrior!
The wall freezes something!
Reactivating autopickup.
You feel a bit more experienced.
The wall freezes the orc warrior.
You barely miss the orc warrior.
The wall freezes the orc warrior!
The orc warrior hits you with a +0 dire flail.
The wall freezes the orc!
You kill the orc!
You take 4 damage, and have 63/69 hp.
You closely miss the orc warrior.
The wall freezes the orc warrior.
The orc warrior misses you.
You hit the orc warrior but do no damage.
The wall freezes the orc warrior!
You kill the orc warrior!
You start resting.
The frozen ramparts melt away.
You regained 2 hp, and now have 65/69 hp.
You start resting.
Health restored: 69; MP restored: 16 Your icy armour cracks and falls away as you move.
Items here: )) [[ ††.
Okay, then.
Things that are here:
a +0 war axe; an orc corpse
Things that are here:
a +0 war axe; an orc corpse
Items here: )) [[ ††.
There is a shaft here.
There is a stone staircase leading up here.
Done exploring.
(D) Dungeon (T) Temple
Where to? (Enter - D:7, ? - help)
There is a stone staircase leading down here.
You climb downwards.
There is a stone staircase leading up here.
A centaur is nearby!
The helpless centaur fails to defend itself.
You skewer the centaur like a kebab!!!
You kill the centaur!
f - 130 arrows (gained 18)
Things that are here:
a +0 shortbow; a centaur corpse
h - a wand of acid (2);
k - a +4 whip of venom
o - a scroll of identify {@r1}
As you read the scroll of identify {@r1}, it crumbles to dust.
p - 4 potions of brilliance;
B - 4 potions of brilliance
p - a murky inky potion
s - 212 stones (gained 12)
You open the large door.
A two-headed ogre comes into view. It is wielding two +0 giant clubs.
There is a large open door here.
Found 20 stones.
Found a stone staircase leading down.
The two-headed ogre shouts in stereo!
There is a large open door here.
A film of ice covers your body! The two-headed ogre closely misses you.
The two-headed ogre hits you with a +0 giant club!
You take 11 damage, and have 58/69 hp.
You now have 13/16 mp.
The walls around you are covered in ice.
The wall freezes the two-headed ogre!
You block the two-headed ogre's attack.
The two-headed ogre hits you with a +0 giant club!!
You take 18 damage, and have 40/69 hp.
MASSIVE DAMAGE!!
You now have 10/16 mp.
You hit the two-headed ogre but do no damage.
You barely miss the two-headed ogre.
The wall freezes the two-headed ogre.
The two-headed ogre barely misses you. The two-headed ogre closely misses you.
You hit the two-headed ogre.
The wall freezes the two-headed ogre!
The two-headed ogre hits you with a +0 giant club!!
The two-headed ogre hits you with a +0 giant club!
* * * LOW HITPOINT WARNING * * *
You take 26 damage, and have 14/69 hp.
MASSIVE DAMAGE!!
Okay, then.
Aim: a two-headed ogre, wielding two +0 giant clubs (moderately wounded, chance to affect: 50%)
The two-headed ogre resists with some effort.
You now have 8/16 mp.
Aim: a two-headed ogre, wielding two +0 giant clubs (moderately wounded, chance to affect: 50%)
The two-headed ogre resists with some effort.
The wall freezes the two-headed ogre.
The two-headed ogre hits you but does no damage.
The two-headed ogre hits you with a +0 giant club!!
You die...

#..........[.......
##+#..........########
..............#
#........<....#
#####.........#
#.........#
#.........#
#.........#
##+######@#######+#.
........#O..........
........#...........
(.......'...........
........'....######
........####.#
######..>..#.#
#.....#.# #.....#.#


You could see a two-headed ogre.

Vanquished Creatures
  2 vault guards (Bailey)
  Prince Ribbit (Bailey)
  Sigmund (D:5)
  Eustachio (D:5)
  4 humans (Bailey)
  3 water moccasins
  An acid dragon (D:8)
  A sky beast (D:7)
  2 black bears
  3 ogres
  3 orc warriors
  3 necrophages
  2 centaurs
  A phantom (D:6)
  2 kobold brigands (D:8)
  12 bullfrogs
  Blork the orc (D:5)
  A water moccasin zombie (D:6)
  3 scorpions
  A water moccasin skeleton (D:4)
  A wyvern skeleton (D:7)
  A wight (D:7)
  A howler monkey (D:6)
  A bullfrog skeleton (D:6)
  7 hounds
  2 jellies
  4 centaur skeletons
  3 orc priests
  3 iguanas
  2 gnoll shamans (D:7)
  3 orc wizards
  Robin (D:4)
  9 gnolls
  2 howler monkey skeletons
  7 adders
  2 white imps (D:6)
  2 ufetubi
  An adder skeleton (D:3)
  4 worms
  5 dart slugs
  27 orcs
  7 endoplasms
  5 giant cockroaches
  17 goblins
  11 hobgoblins
  22 kobolds
  3 quokkas (D:1)
  3 ball pythons
  6 bats
  3 frilled lizards
  7 rats
220 creatures vanquished.

Vanquished Creatures (others)
  4 plants (D:4)
4 creatures vanquished.

Grand Total: 224 creatures vanquished

Notes
Turn   | Place    | Note
-------+----------+-------------------------------------------
     0 | D:1      | sokol815 the Demigod Ice Elementalist began the quest for
                  | the Orb.
     0 | D:1      | Reached XP level 1. HP: 14/14 MP: 5/5
   367 | D:1      | Reached skill level 2 in Dodging
   367 | D:1      | Reached skill level 2 in Stealth
   418 | D:1      | Reached skill level 2 in Spellcasting
   437 | D:1      | Reached XP level 2. HP: 20/20 MP: 7/7
  1469 | D:2      | Reached XP level 3. HP: 23/26 MP: 8/8
  1627 | D:2      | Learned a level 3 spell: Frozen Ramparts
  1741 | D:2      | Reached skill level 4 in Ice Magic
  2638 | D:3      | Reached XP level 4. HP: 33/33 MP: 4/10
  2816 | D:3      | Noticed a black bear
  2823 | D:3      | Upgraded the game from 0.28-a0-1347-g113dc556a4 to
                  | 0.28-a0-1435-g82390b3a13
  2866 | D:3      | Killed a black bear
  2867 | D:3      | Reached skill level 5 in Ice Magic
  2867 | D:3      | Reached XP level 5. HP: 26/38 MP: 3/11
  3276 | D:3      | Learned a level 3 spell: Ozocubu's Armour
  3648 | D:4      | Noticed an ogre
  3653 | D:4      | Killed an ogre
  3654 | D:4      | Reached skill level 6 in Ice Magic
  3654 | D:4      | Reached XP level 6. HP: 20/45 MP: 7/12
  3862 | D:4      | Learned a level 2 spell: Ensorcelled Hibernation
  3994 | D:4      | Reached skill level 1 in Hexes
  4363 | D:4      | Noticed a water moccasin
  4376 | D:4      | Killed a water moccasin
  4377 | D:4      | Reached skill level 2 in Hexes
  5071 | D:4      | Reached skill level 1 in Short Blades
  5071 | D:4      | Reached XP level 7. HP: 27/50 MP: 1/13
  5317 | D:4      | Noticed Robin
  5335 | D:4      | Killed Robin
  5720 | D:4      | HP: 11/50 [poisoned by a goblin (curare-tipped dart)]
  5994 | D:5      | Entered Level 5 of the Dungeon
  5998 | D:5      | Noticed Sigmund
  6014 | D:5      | Killed Sigmund
  6015 | D:5      | Reached skill level 2 in Short Blades
  6015 | D:5      | Reached skill level 3 in Stealth
  6015 | D:5      | Reached skill level 3 in Hexes
  6015 | D:5      | Reached skill level 7 in Ice Magic
  6404 | D:5      | Reached skill level 4 in Stealth
  6614 | D:5      | Reached skill level 3 in Short Blades
  6840 | D:5      | Noticed Eustachio
  6845 | D:5      | Noticed Blork the orc
  6898 | D:5      | Reached XP level 8. HP: 57/57 MP: 14/14
  7211 | D:5      | Reached skill level 4 in Hexes
  7218 | D:5      | Killed Blork the orc
  7279 | D:5      | Killed Eustachio
  7280 | D:5      | Reached skill level 4 in Short Blades
  7764 | D:6      | Reached skill level 8 in Ice Magic
  8020 | D:6      | Found a staircase to the Ecumenical Temple.
  8108 | Temple   | Entered the Ecumenical Temple
  8506 | D:6      | Reached skill level 5 in Short Blades
  9282 | D:6      | Reached skill level 9 in Ice Magic
  9282 | D:6      | Reached XP level 9. HP: 49/62 MP: 8/15
  9569 | D:7      | Reached skill level 1 in Axes
  9591 | D:7      | Found a flagged portal.
  9659 | Bailey   | Entered a bailey
  9720 | Bailey   | HP: 12/62 [human (11)]
  9911 | Bailey   | Reached skill level 2 in Axes
  9912 | Bailey   | Reached skill level 5 in Stealth
 10058 | Bailey   | Noticed Prince Ribbit
 10058 | Bailey   | Noticed a vault guard
 10072 | Bailey   | Killed a vault guard
 10073 | Bailey   | Reached skill level 3 in Axes
 10073 | Bailey   | Reached skill level 10 in Ice Magic
 10073 | Bailey   | Killed Prince Ribbit
 10107 | Bailey   | Noticed a vault guard
 10134 | Bailey   | Killed a vault guard
 10135 | Bailey   | Reached skill level 6 in Stealth
 10135 | Bailey   | Reached XP level 10. HP: 29/69 MP: 10/16
 10402 | Bailey   | Reached skill level 4 in Axes
 10497 | D:7      | Reached skill level 11 in Ice Magic
 11870 | D:8      | Noticed Maggie
 11881 | D:8      | HP: 15/68 [Maggie (6)]
 12704 | D:9      | Noticed a two-headed ogre
 12717 | D:9      | HP: 14/69 [two-headed ogre (7)]
 12719 | D:9      | Slain by a two-headed ogre

Illustrated notes

Levels and vault maps discovered:
D:1:      dpeg_arrival_three_same_balls, layout_basic, basic_ecumenical_altar
D:2:      layout_loops_ring, kennysheep_doodads
D:3:      layout_loops_ring, marbit_many_paths
D:4:      layout_cave_pods, serial_bayou, serial_bayou_pond_d,
          serial_bayou_shore_b, serial_bayou_pond_b, serial_bayou_shore_b,
          hangedman_abyss_or_decor_stabs, corexii_corridor_pit, minmay_vboxes,
          uniq_robin
D:5:      layout_loops_ring, nicolae_underground_beach, uniq_sigmund,
          uniq_eustachio, uniq_blork_the_orc
D:6:      layout_loops_ring, grunt_gozag_breadcrumbs,
          minmay_temple_entry_sparse_star
D:7:      layout_loops_ring, enter_bailey_8
D:8:      layout_loops_ring, corexii_leaking_fountain, uniq_maggie
D:9:      layout_irregular_city
Temple:   mainiacjoe_temple_cubbyholes

Skill      XL: |  1  2  3  4  5  6  7  8  9 10 |
---------------+-------------------------------+-----
Dodging        | 2 |  2.2
Stealth        | 2 4 6 |  6.0
Spellcasting   | 2 |  2.2
Ice Magic      | 4 5 6 7 9 10 11 | 11.6
Hexes          | 2 3 4 |  4.0
Short Blades   | 1 3 5 |  5.0
Axes           | 3 4 |  4.9

Action                   |  1- 3 |  4- 6 |  7- 9 | 10-12 || total
-------------------------+-------+-------+-------+-------++-------
Melee: Unarmed           |     5 |       |       |       ||     5
       Short sword       |   123 |   148 |    56 |       ||   327
       Club              |     1 |       |       |       ||     1
       Punch             |       |     1 |     6 |     1 ||     8
       Dagger            |       |       |   256 |    38 ||   294
       Hand axe          |       |       |    32 |    64 ||    96
Throw: Stone             |    27 |       |       |       ||    27
 Cast: Freeze            |    20 |    23 |     5 |       ||    48
       Frozen Ramparts   |     9 |     4 |    33 |    16 ||    62
       Ensorcelled Hiber |       |     7 |     5 |     2 ||    14
       Ozocubu's Armour  |       |     5 |    24 |    11 ||    40
Evoke: Wand              |       |     3 |     2 |     2 ||     7
  Use: Scroll            |     2 |     4 |     5 |     3 ||    14
       Potion            |       |       |     2 |       ||     2
 Stab: Sleeping          |     3 |     4 |     5 |     5 ||    17
       Distracted        |       |       |       |     1 ||     1
Armor: Robe              |    45 |    72 |    27 |       ||   144
       Leather armour    |       |       |    77 |    38 ||   115
Dodge: Dodged            |    93 |   115 |   193 |    67 ||   468
Block: Buckler           |       |       |       |    14 ||    14

Table legend: (Time is in decaauts)
 A = Elapsed time spent in this place.
 B = Non-inter-level travel time spent in this place.
 C = Inter-level travel time spent in this place.
 D = Time resting spent in this place.
 E = Time spent auto-exploring this place.
 F = Levels seen in this place.
 G = Mean time per level.
                   A        B        C        D        E       F      G
               +--------+--------+--------+--------+--------+-----+--------+
         Total |  12717 |  12368 |    349 |   3983 |   6094 |  11 | 1156.1 |
       Dungeon |  11564 |  11268 |    296 |   3488 |   5695 |   9 | 1284.9 |
        Temple |    342 |    289 |     53 |      0 |    289 |   1 |  342.0 |
        Bailey |    810 |    810 |      0 |    495 |    109 |   1 |  810.0 |
               +--------+--------+--------+--------+--------+-----+--------+

Top non-repeatable levels by time:
     D:4: 2064 daAuts
     D:5: 1721 daAuts
     D:7: 1501 daAuts
     D:1: 1430 daAuts
     D:3: 1390 daAuts
     D:6: 1341 daAuts
     D:2: 1152 daAuts
     D:8: 900 daAuts
  Bailey: 810 daAuts
  Temple: 342 daAuts
     D:9: 61 daAuts

Table legend:
 A = Kills in this place as a percentage of kills in entire the game.
 B = Kills by you in this place as a percentage of kills by you in the entire game.
 C = Kills by friends in this place as a percentage of kills by friends in the entire game.
 D = Other kills in this place as a percentage of other kills in the entire game.
 E = Experience gained in this place as a percentage of experience gained in the entire game.
 F = Experience gained in this place divided by the number of levels of this place that you have seen.
                   A       B       C       D       E      F
               +-------+-------+-------+-------+-------+----------------------
         Total | 100.0 | 100.0 |   N/A |   N/A | 100.0 | 840.1
       Dungeon |  88.6 |  88.6 |   N/A |   N/A |  59.5 | 610.4
        Bailey |  11.4 |  11.4 |   N/A |   N/A |  40.5 | 3747.0
               +-------+-------+-------+-------+-------+----------------------
